[Event "DPMM 2023-24"]
[Site "Germany"]
[Date "2024.01.27"]
[Round "1.1"]
[White "Stein, Robert"]
[Black "Philipp, Mathias"]
[Result "1/2-1/2"]
[ECO "D10"]
[WhiteElo "2416"]
[BlackElo "2162"]
[PlyCount "75"]
[EventDate "2024.03.14"]
[EventType "team-tourn"]
[EventCountry "GER"]
[TimeControl "40/6000:20/3000:0"]

1. d4 d5 2. c4 c6 3. cxd5 cxd5 4. Bf4 Nc6 5. e3 Nf6 6. Nc3 a6 7. Bd3 Bg4 8. Nge2 e6 9. Rc1 Be7 10. O-O O-O 11. Na4 Nh5 12. f3 Bf5 13. Bxf5 exf5 14. Qd3 g6 15. a3 Re8 16. b4 Bf6 17. Bg3 Nxg3 18. hxg3 Qe7 19. Kf2 Bg5 20. f4 Bh6 21. Ng1 Rad8 22. Nf3 Na7 23. Rc5 Nb5 24. Rh1 Bf8 25. Re1 Nd6 26. Nd2 Qe6 27. Rcc1 Ne4+ 28. Nxe4 fxe4 29. Qb1 h5 30. Rc3 Bd6 31. Rh1 Re7 32. Qb3 Kg7 33. Rcc1 Qf5 34. Nc3 Bb8 35. Ne2 Bd6 36. Nc3 Bb8 37. Ne2 Bd6 38. Nc3 1/2-1/2

[Event "DPMM 2023-24"]
[Site "Germany"]
[Date "2024.01.27"]
[Round "1.1"]
[White "Rehberg, Raphael"]
[Black "Khachatryan, Taron"]
[Result "0-1"]
[ECO "B96"]
[WhiteElo "2205"]
[BlackElo "2189"]
[PlyCount "46"]
[EventDate "2024.03.14"]
[EventType "team-tourn"]
[EventCountry "GER"]
[TimeControl "40/6000:20/3000:0"]

1. e4 c5 2. Nf3 d6 3. d4 cxd4 4. Nxd4 Nf6 5. Nc3 a6 6. Bg5 e6 7. f4 h6 8. Bh4 Qb6 9. a3 Nc6 10. Bf2 Qc7 11. Be2 Be7 12. O-O O-O 13. Bf3 Rd8 14. Qe2 Nxd4 15. Bxd4 e5 16. fxe5 dxe5 17. Be3 Be6 18. Qf2 Rac8 19. Rad1 Rxd1 20. Rxd1 Bxa3 21. Nd5 Bxd5 22. exd5 Bd6 23. h3 Qxc2 0-1

[Event "DPMM 2023-24"]
[Site "Germany"]
[Date "2024.01.27"]
[Round "1.1"]
[White "Staudacher, Magnus Johann"]
[Black "Woelk, Tom Frederik"]
[Result "1-0"]
[ECO "B48"]
[WhiteElo "2117"]
[BlackElo "2393"]
[PlyCount "73"]
[EventDate "2024.03.14"]
[EventType "team-tourn"]
[EventCountry "GER"]
[TimeControl "40/6000:20/3000:0"]

1. e4 c5 2. Nf3 e6 3. d4 cxd4 4. Nxd4 Nc6 5. Nc3 Qc7 6. Be3 a6 7. Qd2 Nf6 8. O-O-O b5 9. f3 Bb7 10. g4 Nxd4 11. Bxd4 Be7 12. g5 Nh5 13. Be5 Qxe5 14. Qxd7+ Kf8 15. Qxb7 Qb8 16. Qxb8+ Rxb8 17. h4 h6 18. Rg1 hxg5 19. hxg5 Nf4 20. Rd7 Rh2 21. Bd3 Rc8 22. Kb1 Ke8 23. Rb7 b4 24. Na4 Nxd3 25. cxd3 Rd2 26. Nb6 Rd8 27. Nc4 Rh2 28. Ne5 Bc5 29. Rc1 Bd4 30. Nc4 a5 31. e5 Kf8 32. a3 bxa3 33. bxa3 Rf2 34. Nxa5 Be3 35. Rh1 Kg8 36. Nc6 Re8 37. Ne7+ 1-0

[Event "DPMM 2023-24"]
[Site "Germany"]
[Date "2024.01.27"]
[Round "1.1"]
[White "Strahl, Christian"]
[Black "Wichmann, Cliff"]
[Result "0-1"]
[ECO "C00"]
[WhiteElo "1948"]
[BlackElo "2285"]
[PlyCount "106"]
[EventDate "2024.03.14"]
[EventType "team-tourn"]
[EventCountry "GER"]
[TimeControl "40/6000:20/3000:0"]

1. e4 e6 2. b3 d5 3. Bb2 dxe4 4. Nc3 Nf6 5. Qe2 Nc6 6. Nxe4 Nd4 7. Qd3 e5 8. c3 Nc6 9. Qxd8+ Nxd8 10. Bd3 Nd5 11. Ne2 Be7 12. O-O-O Ne6 13. f3 O-O 14. g3 Rd8 15. Nf2 f6 16. h4 Bd7 17. Be4 Bc6 18. d4 exd4 19. Nxd4 Nxd4 20. cxd4 g6 21. Rhe1 Bb4 22. Bxd5+ Bxd5 23. Re3 Re8 24. Rdd3 Kf7 25. Ne4 Rad8 26. Kc2 Bf8 27. Nc3 Rxe3 28. Rxe3 Be6 29. Ne4 Bd5 30. g4 Bh6 31. Re1 Bg7 32. Re3 h6 33. Ng3 Be6 34. h5 g5 35. Rc3 c6 36. Rc5 Bd5 37. Rc3 Bf8 38. Nf5 Be6 39. Ne3 Bd6 40. Rd3 Bf4 41. Nd1 f5 42. Nf2 Bg3 43. gxf5 Bxf5 44. Ne4 Bf4 45. Rd1 g4 46. Kc3 gxf3 47. Nf2 Re8 48. Bc1 Bxc1 49. Rxc1 Re2 50. Rf1 Rc2+ 51. Kb4 Kf6 52. Nh1 Be4 53. a4 Kg5 0-1

[Event "DPMM 2023-24"]
[Site "Germany"]
[Date "2024.01.27"]
[Round "1.2"]
[White "Spiess, Gunter"]
[Black "Kirschneck, Toralf"]
[Result "1-0"]
[ECO "E73"]
[WhiteElo "2340"]
[BlackElo "2084"]
[PlyCount "91"]
[EventDate "2024.03.14"]
[EventType "team-tourn"]
[EventCountry "GER"]
[TimeControl "40/6000:20/3000:0"]

1. d4 Nf6 2. c4 g6 3. Nc3 Bg7 4. e4 d6 5. Be2 O-O 6. Be3 Nbd7 7. h4 h5 8. Nh3 c5 9. d5 Ne5 10. Ng5 Neg4 11. Bd2 Nh7 12. f3 Nh6 13. Qc1 Kh8 14. Be3 Ng8 15. g4 Ngf6 16. Qd2 a6 17. Nxh7 Kxh7 18. g5 Nd7 19. f4 f5 20. exf5 Rxf5 21. Bd3 Rf7 22. Qe2 Bxc3+ 23. bxc3 Kg7 24. O-O b5 25. cxb5 axb5 26. Bxb5 Nb6 27. c4 Bf5 28. a4 Nc8 29. Bd2 Na7 30. Rfe1 Qc8 31. Ra3 Kh7 32. Re3 Bg4 33. Qd3 Nxb5 34. Rxe7 Ra7 35. Re8 Bf5 36. Rxc8 Bxd3 37. cxb5 Rxa4 38. Bc3 Rd4 39. Bxd4 cxd4 40. b6 Ba6 41. Rc7 Kg7 42. Ree7 Rxe7 43. Rxe7+ Kf8 44. Ra7 d3 45. Rxa6 d2 46. Ra1 1-0

[Event "DPMM 2023-24"]
[Site "Germany"]
[Date "2024.01.27"]
[Round "1.2"]
[White "Garner, Isaac"]
[Black "Kosak, Robert"]
[Result "1-0"]
[ECO "D02"]
[WhiteElo "2294"]
[BlackElo "2193"]
[PlyCount "110"]
[EventDate "2024.03.14"]
[EventType "team-tourn"]
[EventCountry "GER"]
[TimeControl "40/6000:20/3000:0"]

1. d4 e6 2. Nf3 d5 3. Bf4 Bd6 4. e3 Bxf4 5. exf4 Nf6 6. Nc3 b6 7. Ne5 Ba6 8. Bxa6 Nxa6 9. Qe2 Nb8 10. f5 O-O 11. fxe6 fxe6 12. O-O-O a6 13. Rhe1 Re8 14. g4 Nfd7 15. Nf3 Nf8 16. Qe3 Qd6 17. h4 Nbd7 18. h5 c6 19. h6 Re7 20. hxg7 Rxg7 21. Ne5 Nxe5 22. dxe5 Qc7 23. f3 c5 24. Ne2 Ng6 25. Ng3 Nf8 26. Nh5 Rg6 27. Nf6+ Kh8 28. Rh1 Rg7 29. Rh4 Ra7 30. Rdh1 d4 31. Qe2 Qc6 32. f4 c4 33. Qd2 Qa4 34. Kb1 c3 35. bxc3 dxc3 36. Qxc3 Rac7 37. Qd2 a5 38. R4h3 Qc4 39. Rd3 Rc8 40. c3 Qc7 41. Rd1 Rf7 42. Rc1 b5 43. Rd6 Qc4 44. Qd4 Rfc7 45. Qxc4 Rxc4 46. f5 R8c6 47. fxe6 Nxe6 48. Rh1 Nf8 49. Rd8 Kg7 50. Nh5+ Kf7 51. Rf1+ Ke7 52. Rfxf8 R6c5 53. Rde8+ Kd7 54. Nf6+ Kc7 55. Rf7+ Kb6 1-0

[Event "DPMM 2023-24"]
[Site "Germany"]
[Date "2024.01.27"]
[Round "1.2"]
[White "Schmidt, Christian"]
[Black "Urban, Hans-Rainer"]
[Result "1-0"]
[ECO "A45"]
[WhiteElo "2163"]
[BlackElo "2025"]
[PlyCount "67"]
[EventDate "2024.03.14"]
[EventType "team-tourn"]
[EventCountry "GER"]
[TimeControl "40/6000:20/3000:0"]

1. d4 Nf6 2. Bg5 g6 3. Bxf6 exf6 4. c4 Bg7 5. Nc3 d6 6. g3 Nc6 7. Bg2 O-O 8. e3 Re8 9. Nge2 Ne7 10. O-O f5 11. Qd3 c6 12. b4 Bd7 13. a4 Qc7 14. Rfd1 Rad8 15. Rab1 Bc8 16. Rb3 Qd7 17. b5 g5 18. a5 d5 19. bxc6 bxc6 20. cxd5 cxd5 21. Qb5 Qe6 22. Qc5 Rd7 23. Rdb1 Bf8 24. Rb6 axb6 25. Rxb6 Ng6 26. Rxe6 fxe6 27. Qc6 Kf7 28. Nb5 Red8 29. a6 Bb4 30. Nc1 Ba5 31. Nd3 Kf8 32. Nc5 Ne7 33. Qxe6 Ra7 34. Qf6+ 1-0

[Event "DPMM 2023-24"]
[Site "Germany"]
[Date "2024.01.27"]
[Round "1.2"]
[White "Bock, Marlon"]
[Black "Pallas, Sebastian"]
[Result "1/2-1/2"]
[ECO "D85"]
[WhiteElo "2049"]
[BlackElo "2209"]
[PlyCount "63"]
[EventDate "2024.03.14"]
[EventType "team-tourn"]
[EventCountry "GER"]
[TimeControl "40/6000:20/3000:0"]

1. d4 Nf6 2. c4 g6 3. Nc3 d5 4. cxd5 Nxd5 5. e4 Nxc3 6. bxc3 Bg7 7. Nf3 c5 8. Rb1 O-O 9. Be2 Nc6 10. d5 Bxc3+ 11. Bd2 Bxd2+ 12. Qxd2 Nd4 13. Nxd4 cxd4 14. Qxd4 Qa5+ 15. Qd2 Qxd2+ 16. Kxd2 Rd8 17. Ke3 e6 18. Bc4 Rb8 19. Rhd1 exd5 20. Bxd5 Re8 21. Rbc1 Re7 22. Rd2 Be6 23. Bxe6 Rxe6 24. Rc7 Rbe8 25. f3 R8e7 26. Rc8+ Kg7 27. g4 Re5 28. h4 h6 29. Kf4 g5+ 30. hxg5 hxg5+ 31. Kg3 Ra5 32. Rh2 1/2-1/2

[Event "DPMM 2023-24"]
[Site "Germany"]
[Date "2024.01.27"]
[Round "1.3"]
[White "Avdic, Faris"]
[Black "Issing, Peter"]
[Result "0-1"]
[ECO "D02"]
[WhiteElo "2209"]
[BlackElo "2114"]
[PlyCount "68"]
[EventDate "2024.03.14"]
[EventType "team-tourn"]
[EventCountry "GER"]
[TimeControl "40/6000:20/3000:0"]

1. d4 Nf6 2. Bf4 c5 3. e3 e6 4. Nf3 Nc6 5. Nbd2 d5 6. c3 cxd4 7. exd4 Nh5 8. Be3 Bd6 9. Ne5 g6 10. Bb5 O-O 11. Bh6 Ng7 12. Ndf3 Ne7 13. g4 f6 14. Nd3 Qc7 15. g5 Nef5 16. gxf6 Nxh6 17. fxg7 Kxg7 18. Qe2 a6 19. Ba4 b5 20. Bc2 Bd7 21. h4 Rf6 22. Nfe5 Bxe5 23. Nxe5 Raf8 24. Rh2 b4 25. cxb4 Nf7 26. O-O-O Nxe5 27. dxe5 Rf5 28. Re1 Bb5 29. Qd2 Kg8 30. f4 Rxf4 31. Kb1 Rf1 32. Rh1 Qxe5 33. a4 Rxh1 34. Rxh1 Bxa4 0-1

[Event "DPMM 2023-24"]
[Site "Germany"]
[Date "2024.01.27"]
[Round "1.3"]
[White "Poessel, Christian"]
[Black "Stingl, Rene"]
[Result "0-1"]
[ECO "D37"]
[WhiteElo "1947"]
[BlackElo "1942"]
[PlyCount "134"]
[EventDate "2024.03.14"]
[EventType "team-tourn"]
[EventCountry "GER"]
[TimeControl "40/6000:20/3000:0"]

1. d4 d5 2. c4 e6 3. Nf3 Nf6 4. Nc3 a6 5. b3 b6 6. e3 Bb7 7. Bd3 Bd6 8. O-O Nbd7 9. Qe2 O-O 10. Bb2 dxc4 11. bxc4 e5 12. d5 Nc5 13. e4 Nxd3 14. Qxd3 Nd7 15. Ne2 Nc5 16. Qc2 Qe8 17. Ng3 Bc8 18. Rfe1 f6 19. Nd2 a5 20. Ndf1 Qa4 21. Qxa4 Nxa4 22. Bc1 Ba6 23. Ne3 Bb4 24. Rd1 Bc3 25. Ba3 Bxa1 26. Bxf8 Bb2 27. Be7 Kf7 28. d6 cxd6 29. Bxd6 Rd8 30. Bc7 Rxd1+ 31. Nxd1 Ba3 32. Ne3 Bc5 33. Ngf5 Nc3 34. Nd5 Nxe4 35. Bxb6 Bxb6 36. Nxb6 g6 37. Ne3 Ke6 38. Ned5 Bb7 39. f3 Nd2 40. Nc7+ Kd6 41. Ne8+ Kc6 42. Nd5 f5 43. Nef6 Nxc4 44. Nc3 Kc5 45. Kf2 Kb4 46. Nb1 Na3 47. Nd2 Kc3 48. Nb3 Nc4 49. Nc5 Bc6 50. Nxh7 Kb2 51. Nf8 Be8 52. a4 Ka3 53. g4 Kb4 54. Nb7 Kxa4 55. h4 Kb4 56. Nxa5 Nxa5 57. h5 gxh5 58. g5 Nc6 59. g6 Ne7 60. g7 Kc4 61. Ne6 Kd3 62. f4 e4 63. Nc5+ Kd2 64. Nb3+ Kc3 65. Nc1 Bf7 66. Ne2+ Kd2 67. Nd4 e3+ 0-1

[Event "DPMM 2023-24"]
[Site "Germany"]
[Date "2024.01.27"]
[Round "1.3"]
[White "Homberger, Jan"]
[Black "Schütze, Norman"]
[Result "0-1"]
[ECO "E46"]
[WhiteElo "1915"]
[BlackElo "2285"]
[PlyCount "48"]
[EventDate "2024.03.14"]
[EventType "team-tourn"]
[EventCountry "GER"]
[TimeControl "40/6000:20/3000:0"]

1. d4 d5 2. c4 e6 3. Nc3 Bb4 4. e3 Nf6 5. Bd2 O-O 6. a3 Bxc3 7. Bxc3 b6 8. cxd5 Nxd5 9. e4 Nxc3 10. bxc3 Bb7 11. Bd3 c5 12. Ne2 cxd4 13. cxd4 Nc6 14. Bc2 Ba6 15. Bd3 Bb7 16. Bc2 Qh4 17. Qd3 Rfd8 18. Rd1 Rac8 19. O-O Ne5 20. Qb3 Ba6 21. dxe5 Bxe2 22. Rxd8+ Qxd8 23. Rc1 Qd2 24. Qb1 Bd3 0-1

[Event "DPMM 2023-24"]
[Site "Germany"]
[Date "2024.01.27"]
[Round "1.3"]
[White "Meiber, Alexander"]
[Black "Walter, Guenter"]
[Result "1/2-1/2"]
[ECO "D32"]
[WhiteElo "1813"]
[BlackElo "2245"]
[PlyCount "34"]
[EventDate "2024.03.14"]
[EventType "team-tourn"]
[EventCountry "GER"]
[TimeControl "40/6000:20/3000:0"]

1. d4 c5 2. e3 e6 3. Nf3 Nf6 4. c4 d5 5. Nc3 Nc6 6. cxd5 exd5 7. dxc5 Bxc5 8. h3 O-O 9. Bd3 Be6 10. O-O h6 11. a3 a6 12. b4 Ba7 13. Ne2 Qd7 14. Bb2 Ne4 15. Ned4 Nxd4 16. Nxd4 Rac8 17. f4 f5 1/2-1/2

[Event "DPMM 2023-24"]
[Site "Germany"]
[Date "2024.01.27"]
[Round "1.4"]
[White "Nuernberger, Stefan"]
[Black "Heinz, Thomas"]
[Result "1-0"]
[ECO "D93"]
[WhiteElo "2190"]
[BlackElo "2108"]
[PlyCount "87"]
[EventDate "2024.03.14"]
[EventType "team-tourn"]
[EventCountry "GER"]
[TimeControl "40/6000:20/3000:0"]

1. d4 d5 2. Nf3 Nf6 3. Bf4 g6 4. e3 Bg7 5. c4 c6 6. Nc3 O-O 7. h3 Re8 8. Bd3 Nbd7 9. Qb3 Nb6 10. cxd5 Nfxd5 11. Bg3 Nxc3 12. bxc3 e5 13. Be2 Be6 14. Qc2 Bf5 15. Qb3 exd4 16. cxd4 Qe7 17. O-O Rac8 18. Rad1 Be6 19. Qb1 Qa3 20. Rd2 c5 21. Bd6 Bf5 22. Qb5 Bd7 23. Bxc5 Bxb5 24. Bxa3 Bxe2 25. Rxe2 Nd5 26. Rb2 b6 27. Re1 Rc3 28. Rb3 Rec8 29. e4 Nf4 30. Bd6 Nd3 31. Rxc3 Rxc3 32. Rd1 Rc1 33. Rxc1 Nxc1 34. Bb8 a6 35. d5 Nxa2 36. d6 Kf8 37. Bc7 Ke8 38. Bxb6 Kd7 39. e5 Nc3 40. Kf1 Ne4 41. Ke2 Kc6 42. Bd4 f6 43. Ke3 fxe5 44. Bxe5 1-0

[Event "DPMM 2023-24"]
[Site "Germany"]
[Date "2024.01.27"]
[Round "1.4"]
[White "Boehm, Christian"]
[Black "Riedel, Finn"]
[Result "1/2-1/2"]
[ECO "C45"]
[WhiteElo "2054"]
[BlackElo "2105"]
[PlyCount "89"]
[EventDate "2024.03.14"]
[EventType "team-tourn"]
[EventCountry "GER"]
[TimeControl "40/6000:20/3000:0"]

1. e4 d6 2. d4 Nf6 3. Bd3 e5 4. Nf3 exd4 5. Nxd4 Nc6 6. Nxc6 bxc6 7. O-O Bg4 8. Qe1 Be7 9. h3 Bd7 10. Nc3 Rb8 11. f4 O-O 12. Rb1 Re8 13. Qf2 h6 14. Bd2 a5 15. b3 Nh7 16. a4 Bh4 17. Qf3 Bf6 18. Rbd1 Bd4+ 19. Kh2 Nf8 20. Ne2 Bb6 21. Qg3 Kh8 22. Bc3 f6 23. Nd4 Bxd4 24. Bxd4 Ne6 25. Bc3 Qe7 26. e5 fxe5 27. fxe5 Qg5 28. exd6 Qxg3+ 29. Kxg3 cxd6 30. Rf7 Rbd8 31. Bxa5 Ng5 32. Bxd8 Nxf7 33. Bb6 Ne5 34. Bc7 Nxd3 35. Rxd3 d5 36. Kf2 Bc8 37. Re3 Rf8+ 38. Rf3 Re8 39. Bd6 Ba6 40. Re3 Rd8 41. Be5 Rf8+ 42. Rf3 Re8 43. Re3 Rf8+ 44. Rf3 Re8 45. Re3 1/2-1/2

[Event "DPMM 2023-24"]
[Site "Germany"]
[Date "2024.01.27"]
[Round "1.4"]
[White "Doescher, Thorsten"]
[Black "Holinka, Henning"]
[Result "0-1"]
[ECO "A29"]
[WhiteElo "2016"]
[BlackElo "2183"]
[PlyCount "34"]
[EventDate "2024.03.14"]
[EventType "team-tourn"]
[EventCountry "GER"]
[TimeControl "40/6000:20/3000:0"]

1. c4 e5 2. Nc3 Nf6 3. Nf3 Nc6 4. g3 g6 5. Bg2 Bg7 6. O-O O-O 7. d4 exd4 8. Nxd4 Re8 9. Nc2 d6 10. b3 Bf5 11. Bb2 Ne4 12. Na4 Bxb2 13. Nxb2 Nc3 14. Qd2 Rxe2 15. Qxc3 Rxc2 16. Qe3 Rxb2 17. Rfe1 Qf6 0-1

[Event "DPMM 2023-24"]
[Site "Germany"]
[Date "2024.01.28"]
[Round "2.1"]
[White "Bertholee, Rob"]
[Black "Carlstedt, Jonathan"]
[Result "1/2-1/2"]
[ECO "B36"]
[WhiteElo "2309"]
[BlackElo "2429"]
[PlyCount "72"]
[EventDate "2024.03.14"]
[EventType "team-tourn"]
[EventCountry "GER"]
[TimeControl "40/6000:20/3000:0"]

1. c4 c5 2. Nf3 Nc6 3. d4 cxd4 4. Nxd4 g6 5. e4 Nf6 6. Nc3 d6 7. Be2 Nxd4 8. Qxd4 Bg7 9. Bg5 O-O 10. Qd2 Qa5 11. f3 Be6 12. Rc1 Rfc8 13. b3 a6 14. Nd5 Qxd2+ 15. Kxd2 Nxd5 16. cxd5 f6 17. dxe6 fxg5 18. Rxc8+ Rxc8 19. Rc1 Rxc1 20. Kxc1 a5 21. Kd2 Be5 22. g3 h5 23. Ke3 Bb2 24. f4 Bc1+ 25. Kf3 Kg7 26. fxg5 Bxg5 27. a4 Kf6 28. Bc4 Ke5 29. Bd5 b6 30. Ke2 Bc1 31. h4 Ba3 32. Kf3 Bb4 33. Ke2 Kf6 34. Kf2 Ke5 35. Ke2 Kf6 36. Kf2 Ke5 1/2-1/2

[Event "DPMM 2023-24"]
[Site "Germany"]
[Date "2024.01.27"]
[Round "2.1"]
[White "Wichmann, Cliff"]
[Black "Boehm, Christian"]
[Result "0-1"]
[ECO "E71"]
[WhiteElo "2285"]
[BlackElo "2054"]
[PlyCount "94"]
[EventDate "2024.03.14"]
[EventType "team-tourn"]
[EventCountry "GER"]
[TimeControl "40/6000:20/3000:0"]

1. d4 Nf6 2. c4 g6 3. Nc3 Bg7 4. e4 d6 5. Bd3 O-O 6. h3 Nc6 7. d5 Ne5 8. Be2 c6 9. Be3 cxd5 10. cxd5 Qa5 11. Bd2 Qb6 12. Qc2 e6 13. Be3 Qa5 14. Qd2 exd5 15. exd5 Re8 16. Nf3 Nxf3+ 17. Bxf3 Bh6 18. Ne2 Qxd2+ 19. Bxd2 Bxd2+ 20. Kxd2 Bf5 21. Nc3 Rac8 22. Rhe1 Rxe1 23. Rxe1 Bd7 24. a3 Kf8 25. Rc1 h5 26. Kd3 Bb5+ 27. Kd2 Bd7 28. Ke3 Rc4 29. Rd1 Ke7 30. Be2 Rc5 31. Kd4 Bf5 32. Rd2 h4 33. b4 Rxc3 34. Kxc3 Ne4+ 35. Kd3 Nxd2+ 36. Kxd2 Be4 37. Bf3 Bxf3 38. gxf3 Kf6 39. f4 Kf5 40. Ke3 b5 41. Kf3 f6 42. Ke3 g5 43. fxg5 fxg5 44. Kf3 a6 45. Ke3 Ke5 46. Kf3 Kf5 47. Ke3 g4 0-1

[Event "DPMM 2023-24"]
[Site "Germany"]
[Date "2024.01.28"]
[Round "2.1"]
[White "Staudacher, Magnus Johann"]
[Black "Schabel, Eberhard"]
[Result "1-0"]
[ECO "B12"]
[WhiteElo "2117"]
[BlackElo "1902"]
[PlyCount "81"]
[EventDate "2024.03.14"]
[EventType "team-tourn"]
[EventCountry "GER"]
[TimeControl "40/6000:20/3000:0"]

1. e4 c6 2. d4 d5 3. e5 c5 4. Nf3 Nc6 5. dxc5 Bg4 6. c3 Bxf3 7. Qxf3 Nxe5 8. Bb5+ Nc6 9. c4 e6 10. Be3 Qf6 11. Nd2 Qxf3 12. Nxf3 Nge7 13. O-O-O O-O-O 14. Ng5 Nf5 15. Bxc6 bxc6 16. Nxf7 Nxe3 17. fxe3 Bxc5 18. Kd2 Rhf8 19. Nxd8 Kxd8 20. Rhf1 Ke8 21. Rxf8+ Kxf8 22. Kd3 e5 23. cxd5 cxd5 24. e4 d4 25. Kc4 Bd6 26. Kd5 Ke7 27. Kc6 Ke6 28. Kb7 Bc5 29. a3 Kf6 30. b4 Bb6 31. Rf1+ Kg5 32. Kc6 d3 33. Kd5 d2 34. Kxe5 Bc7+ 35. Kd4 Bxh2 36. Ke3 Bf4+ 37. Ke2 Kg4 38. b5 g5 39. a4 h5 40. a5 Bc7 41. b6 1-0

[Event "DPMM 2023-24"]
[Site "Germany"]
[Date "2024.01.27"]
[Round "2.2"]
[White "Stein, Robert"]
[Black "Spieß, Gunther"]
[Result "1-0"]
[ECO "E04"]
[WhiteElo "2416"]
[BlackElo "2346"]
[PlyCount "85"]
[EventDate "2024.03.14"]
[EventType "team-tourn"]
[EventCountry "GER"]
[TimeControl "40/6000:20/3000:0"]

1. d4 d5 2. c4 e6 3. Nf3 Nf6 4. g3 dxc4 5. Bg2 a6 6. O-O Nc6 7. Be3 Rb8 8. Qc1 Bd7 9. Qxc4 Bd6 10. Bf4 Bxf4 11. gxf4 Ne7 12. Rc1 Bc6 13. e3 h6 14. Nbd2 g5 15. fxg5 hxg5 16. Nxg5 Bxg2 17. Kxg2 Ned5 18. Ndf3 Ng4 19. Qe2 Rg8 20. h4 Qd6 21. Kh3 f5 22. Ne5 Rxg5 23. hxg5 Nxe5 24. dxe5 Qxe5 25. Rc4 f4 26. Qg4 Ke7 27. exf4 Rh8+ 28. Kg2 Ne3+ 29. fxe3 Qd5+ 30. Kg3 Qxc4 31. Qf3 Qd3 32. Rc1 Qd2 33. Rh1 Rxh1 34. Qxh1 Qxe3+ 35. Qf3 Qg1+ 36. Kh3 c6 37. Qe4 Qf2 38. Kg4 Qg1+ 39. Kh5 Qh2+ 40. Kg6 Qxb2 41. f5 e5 42. f6+ Kf8 43. Qf5 1-0

[Event "DPMM 2023-24"]
[Site "Germany"]
[Date "2024.01.28"]
[Round "2.2"]
[White "Kuberczyk, Christoph"]
[Black "Kroeze, Frank"]
[Result "1-0"]
[ECO "D30"]
[WhiteElo "2290"]
[BlackElo "2390"]
[PlyCount "101"]
[EventDate "2024.03.14"]
[EventType "team-tourn"]
[EventCountry "GER"]
[TimeControl "40/6000:20/3000:0"]

1. d4 d5 2. c4 e6 3. Nf3 c5 4. cxd5 exd5 5. g3 Nc6 6. Bg2 Nf6 7. O-O cxd4 8. Nxd4 Bc5 9. Nxc6 bxc6 10. Qc2 Qb6 11. Nc3 Be7 12. e4 dxe4 13. Be3 Qa5 14. Nxe4 O-O 15. Bc5 Bxc5 16. Qxc5 Qxc5 17. Nxc5 Bg4 18. Rac1 Rab8 19. b3 Nd5 20. h3 Bf5 21. g4 Bc8 22. Rfd1 f5 23. Bxd5+ cxd5 24. Rxd5 fxg4 25. Nd7 Bxd7 26. Rxd7 Rb6 27. hxg4 a6 28. Rc4 Rbf6 29. Rd2 h6 30. Kg2 Re8 31. b4 Re1 32. a4 Rfe6 33. Rb2 R6e2 34. Rxe2 Rxe2 35. Kf3 Rb2 36. Ke3 g6 37. f4 h5 38. gxh5 gxh5 39. f5 Kf7 40. Kf4 h4 41. Kg4 Kf6 42. Rc6+ Ke5 43. Re6+ Kd5 44. Rb6 Ke5 45. f6 Rf2 46. a5 Rf4+ 47. Kh3 Kd5 48. Rxa6 Rxb4 49. Rb6 Ra4 50. a6 Kc5 51. Rb8 1-0

[Event "DPMM 2023-24"]
[Site "Germany"]
[Date "2024.01.28"]
[Round "2.2"]
[White "Khachatryan, Taron"]
[Black "Kosak, Robert"]
[Result "1/2-1/2"]
[ECO "E09"]
[WhiteElo "2189"]
[BlackElo "2193"]
[PlyCount "114"]
[EventDate "2024.03.14"]
[EventType "team-tourn"]
[EventCountry "GER"]
[TimeControl "40/6000:20/3000:0"]

1. d4 d5 2. Nf3 Nf6 3. c4 e6 4. g3 c6 5. Bg2 Nbd7 6. Nbd2 Be7 7. O-O O-O 8. Qc2 Qc7 9. b3 e5 10. cxd5 Nxd5 11. Bb2 Nb4 12. Qc3 Nd5 13. Qc2 Nb4 14. Qb1 exd4 15. Nxd4 Nf6 16. a3 Nbd5 17. Nf5 Bxf5 18. Qxf5 Rad8 19. Nc4 Nb6 20. Na5 Nbd7 21. b4 Rfe8 22. Nb3 Bd6 23. e3 Be5 24. Nd4 a5 25. bxa5 c5 26. Nb5 Qxa5 27. Bxe5 Rxe5 28. Qb1 c4 29. Nd6 Qc7 30. Nb5 Qa5 31. Nd4 Rb8 32. Rc1 Rc5 33. Qb4 Qc7 34. Nb5 Qb6 35. Nd4 Qc7 36. Nb5 Qb6 37. Nc3 Qe6 38. Rd1 Rcc8 39. Qd6 Qe8 40. Bh3 Rc6 41. Bxd7 Rxd6 42. Bxe8 Nxe8 43. Rxd6 Nxd6 44. Rd1 Ne8 45. Rd4 Rc8 46. Kf1 Kf8 47. Ke1 Rc6 48. Nb5 Nc7 49. Nxc7 Rxc7 50. Kd2 b5 51. Rd5 Ra7 52. Rxb5 Rxa3 53. Kc2 g6 54. Kb2 Rd3 55. Kc2 Ra3 56. Kb2 Rd3 57. Kc2 Ra3 1/2-1/2

[Event "DPMM 2023-24"]
[Site "Germany"]
[Date "2024.01.28"]
[Round "2.3"]
[White "Hawellek, Jeronimo"]
[Black "Stotyn, Fabian"]
[Result "1-0"]
[ECO "D35"]
[WhiteElo "2306"]
[BlackElo "2114"]
[PlyCount "75"]
[EventDate "2024.03.14"]
[EventType "team-tourn"]
[EventCountry "GER"]
[TimeControl "40/6000:20/3000:0"]

1. d4 e6 2. c4 Nf6 3. Nc3 d5 4. cxd5 exd5 5. Bg5 Be7 6. e3 Nbd7 7. Bd3 Nf8 8. Nge2 Ne6 9. Bh4 h6 10. O-O c6 11. Rb1 g5 12. Bg3 h5 13. Be5 Rh6 14. Ng3 Ng7 15. e4 h4 16. Nf5 Nxf5 17. exf5 Nh5 18. f4 gxf4 19. Ne2 Bd6 20. Nxf4 Bxe5 21. dxe5 Qg5 22. Nxh5 Rxh5 23. Qf3 b6 24. e6 Bb7 25. exf7+ Kxf7 26. Rbe1 Rhh8 27. f6 Rae8 28. Re7+ Rxe7 29. fxe7+ Kxe7 30. Qf7+ Kd6 31. Qxb7 Qe3+ 32. Kh1 Qxd3 33. Rf6+ Kc5 34. Qxc6+ Kb4 35. a3+ Ka5 36. b4+ Ka6 37. Qa4+ Kb7 38. Rf7+ 1-0

[Event "DPMM 2023-24"]
[Site "Germany"]
[Date "2024.01.27"]
[Round "2.3"]
[White "Pallas, Sebastian"]
[Black "Poessel, Christian"]
[Result "1-0"]
[ECO "B40"]
[WhiteElo "2209"]
[BlackElo "1947"]
[PlyCount "75"]
[EventDate "2024.03.14"]
[EventType "team-tourn"]
[EventCountry "GER"]
[TimeControl "40/6000:20/3000:0"]

1. e4 c5 2. Nf3 e6 3. d4 cxd4 4. Nxd4 Nc6 5. Nxc6 bxc6 6. Bd3 Nf6 7. O-O d5 8. Nd2 Be7 9. c4 d4 10. e5 Nd7 11. f4 c5 12. Qe2 Rb8 13. f5 exf5 14. Bxf5 Nf8 15. Qf3 Ne6 16. Bd3 O-O 17. Ne4 f6 18. exf6 Bxf6 19. Qg3 Rb6 20. b3 Bh4 21. Rxf8+ Nxf8 22. Qe5 Re6 23. Qxc5 Bb7 24. Bg5 Bxg5 25. Nxg5 Re3 26. Rd1 h6 27. Nf3 Ne6 28. Qf5 Bxf3 29. gxf3 Qh4 30. Be4 Re1+ 31. Rxe1 Qxe1+ 32. Kg2 Qd2+ 33. Kg3 Ng5 34. Bd5+ Kh8 35. Qe5 Qd1 36. Qe8+ Kh7 37. Bg8+ Kh8 38. Bf7+ 1-0

[Event "DPMM 2023-24"]
[Site "Germany"]
[Date "2024.01.28"]
[Round "2.3"]
[White "Schmidt, Christian"]
[Black "Issing, Peter"]
[Result "1/2-1/2"]
[ECO "A45"]
[WhiteElo "2163"]
[BlackElo "2114"]
[PlyCount "89"]
[EventDate "2024.03.14"]
[EventType "team-tourn"]
[EventCountry "GER"]
[TimeControl "40/6000:20/3000:0"]

1. d4 Nf6 2. Bg5 e6 3. e4 c5 4. d5 d6 5. Nc3 a6 6. a4 e5 7. Nf3 h6 8. Bxf6 Qxf6 9. Nd2 b6 10. Nc4 Nd7 11. Be2 Rb8 12. Bg4 Qd8 13. O-O Be7 14. Qe2 O-O 15. Nd1 Nf6 16. Bxc8 Qxc8 17. Ra3 Qc7 18. Nd2 b5 19. axb5 axb5 20. Ne3 g6 21. Rfa1 Rb7 22. Ng4 Kg7 23. Nxf6 Bxf6 24. Nf1 c4 25. Ra6 Rb6 26. Ra7 Rb7 27. R7a6 Rb6 28. Rxb6 Qxb6 29. Qe3 Rb8 30. Qxb6 Rxb6 31. f3 Bd8 32. Ra8 Bc7 33. Kf2 Rb8 34. Rxb8 Bxb8 35. Nd2 Ba7+ 36. Ke2 Bd4 37. c3 Bg1 38. h3 Kf8 39. Nb1 Bc5 40. Kd2 Ke7 41. Kc2 Kd7 42. Na3 Bxa3 43. bxa3 Kc7 44. Kb2 Kb6 45. Kc2 1/2-1/2

[Event "DPMM 2023-24"]
[Site "Germany"]
[Date "2024.01.28"]
[Round "2.4"]
[White "Ten Vergert, Paul"]
[Black "Ramme, Christoph"]
[Result "1/2-1/2"]
[ECO "B90"]
[WhiteElo "2170"]
[BlackElo "2117"]
[PlyCount "49"]
[EventDate "2024.03.14"]
[EventType "team-tourn"]
[EventCountry "GER"]
[TimeControl "40/6000:20/3000:0"]

1. e4 c5 2. Nf3 d6 3. d4 cxd4 4. Nxd4 Nf6 5. Nc3 a6 6. Be3 e5 7. Nb3 Be6 8. Qd2 Be7 9. O-O-O Nbd7 10. Kb1 Qc7 11. f4 exf4 12. Bxf4 Ne5 13. Nd5 Bxd5 14. exd5 Ng6 15. Bd3 Nxf4 16. Qxf4 O-O 17. g4 g6 18. h4 Qd7 19. Rdg1 Nxd5 20. Qd4 Nc7 21. Nc5 Qc6 22. Ne4 d5 23. Nf2 Ne6 24. Qe5 Qd6 25. Qe2 1/2-1/2